[Event "Titled Tuesday Blitz April 11 Late 2023"]
[White "Gerbelli Neto, Eduardo"]
[Black "Sarkar, Justin"]
[WhiteFideId "2103281"]
[BlackFideId "2010011"]
[WhiteElo "2178"]
[BlackElo "2189"]
[Result "0-1"]
[Round "05"]
[TimeControl "180+2"]
[Date "2023.04.11"]
[WhiteClock "0:01:32"]
[BlackClock "0:00:06"]

1. e4 e5 2. Bc4 Bc5 3. Nc3 d6 4. d3 Nc6 5. Nf3 Bg4 6. Be3 Nf6 7. h3 Bxf3 8. Qxf3 Nd4 9. Bxd4 Bxd4 10. O-O O-O 11. Ne2 Bxb2 12. Rab1 Ba3 13. Rxb7 Bc5 14. Rbb1 Rb8 15. Ng3 Rxb1 16. Rxb1 g6 17. c3 Kg7 18. Ne2 Bb6 19. d4 Re8 20. Rd1 exd4 21. Nxd4 Rxe4 22. Nc6 Qe8 23. Bd5 Re1+ 24. Rxe1 Qxe1+ 25. Kh2 Bxf2 0-1


[Site "https://www.chess.com"]

[Event "Titled Tuesday Blitz April 11 Late 2023"]
[White "Spitzl, Vinzent"]
[Black "Prieto Aranguren, Alain"]
[WhiteFideId "12901253"]
[BlackFideId "2268906"]
[WhiteElo "2225"]
[BlackElo "2209"]
[Result "0-1"]
[Round "05"]
[TimeControl "180+2"]
[Date "2023.04.11"]
[WhiteClock "0:00:11"]
[BlackClock "0:01:15"]

1. e4 c6 2. Nf3 d5 3. Nc3 Bg4 4. h3 Bh5 5. g4 Bg6 6. exd5 cxd5 7. Bb5+ Nc6 8. Ne5 Rc8 9. d4 e6 10. h4 f6 11. h5 Bf7 12. Nxf7 Kxf7 13. Be3 Bb4 14. Bd3 Qa5 15. O-O Nge7 16. a3 Bxc3 17. bxc3 g6 18. g5 f5 19. Rb1 Qc7 20. Re1 Rcg8 21. h6 f4 22. Qf3 Nf5 23. Bxf4 Qd7 24. Qe2 Re8 25. Be5 Rhf8 26. Bf6 Kg8 27. Bxf5 exf5 28. Qf3 Re4 29. Qd3 Rg4+ 30. Kf1 Qc7 31. f3 Rh4 32. Be5 Nxe5 33. Rxe5 Rh1+ 34. Kf2 Rxb1 35. Qe3 a5 36. Re7 Qh2# 0-1


[Site "https://www.chess.com"]

[Event "Titled Tuesday Blitz April 11 Late 2023"]
[White "Quispe Santacruz, Javier"]
[Black "Senthilkumar, Pranav"]
[WhiteFideId "3800920"]
[BlackFideId "2083477"]
[WhiteElo "1875"]
[BlackElo "1860"]
[Result "0-1"]
[Round "05"]
[TimeControl "180+2"]
[Date "2023.04.11"]
[WhiteClock "0:00:30"]
[BlackClock "0:01:33"]

1. d4 Nf6 2. c4 e6 3. Nf3 b6 4. g3 Bb4+ 5. Bd2 Be7 6. Bg2 Bb7 7. O-O O-O 8. Nc3 c5 9. Rc1 Nc6 10. d5 Na5 11. b3 exd5 12. Nh4 Ne4 13. Nf5 Nxc3 14. Bxc3 d4 15. Bxb7 Nxb7 16. Bd2 Nd6 17. Qc2 Nxf5 18. Qxf5 Bf6 19. h4 Re8 20. Rfe1 Re5 21. Qf3 Re8 22. h5 h6 23. g4 Rc8 24. Kg2 Bg5 25. Bf4 Rc6 26. Bxg5 Qxg5 27. Qg3 Rce6 28. Rc2 d3 0-1


[Site "https://www.chess.com"]

[Event "Titled Tuesday Blitz April 11 Late 2023"]
[White "Antonova, Nadezhda"]
[Black "Harriott, Tyrell"]
[WhiteFideId "14700182"]
[BlackFideId "2086484"]
[WhiteElo "1765"]
[BlackElo "2107"]
[Result "0-1"]
[Round "05"]
[TimeControl "180+2"]
[Date "2023.04.11"]
[WhiteClock "0:00:05"]
[BlackClock "0:00:25"]

1. Nf3 e6 2. b3 f5 3. Bb2 Nf6 4. g3 d5 5. Bg2 Bd6 6. O-O f4 7. d4 O-O 8. c4 c6 9. Ne5 fxg3 10. hxg3 Bxe5 11. dxe5 Ng4 12. e4 Qg5 13. f4 Qh5 14. Rf3 dxe4 15. Rc3 Qh2+ 16. Kf1 Qh5 17. Nd2 e3 18. Ne4 Na6 19. Qf3 Nh2+ 20. Ke2 Nxf3 21. Bxf3 Qg6 22. Kxe3 Nb4 23. a3 Na6 24. b4 Bd7 25. c5 Be8 26. Rh1 Nc7 27. Rc2 Nd5+ 28. Kf2 Rd8 29. Re2 h6 30. Nd6 Qd3 31. Be4 Qb3 32. Rc1 Bh5 33. Rec2 Nxf4 34. gxf4 Rxf4+ 35. Kg1 Qe3+ 36. Kh2 Rh4+ 37. Kg2 Qh3+ 38. Kg1 Rf8 0-1


[Site "https://www.chess.com"]

[Event "Titled Tuesday Blitz April 11 Late 2023"]
[White "Mordechai, Hanan"]
[Black "Stanisz, Patryk"]
[WhiteFideId "2804166"]
[BlackFideId "1123106"]
[WhiteElo "2324"]
[BlackElo "2069"]
[Result "1-0"]
[Round "05"]
[TimeControl "180+2"]
[Date "2023.04.11"]
[WhiteClock "0:00:13"]
[BlackClock "0:00:01"]

1. e4 c5 2. Nf3 Nc6 3. Bb5 g6 4. Bxc6 dxc6 5. Nc3 Bg7 6. O-O Nf6 7. Qe2 Bg4 8. h3 Bxf3 9. Qxf3 Nd7 10. d3 e5 11. a4 a5 12. Be3 Qe7 13. Qg3 Nf8 14. f4 exf4 15. Bxf4 O-O-O 16. Rae1 Ne6 17. Bd2 Bd4+ 18. Kh1 f6 19. Ne2 Be5 20. Qf2 b6 21. Nf4 Nxf4 22. Bxf4 Rhf8 23. Qe2 Kb7 24. c3 Qd6 25. Bxe5 fxe5 26. Rxf8 Rxf8 27. Rf1 Rf6 28. Rf3 Qf8 29. Kh2 Qf7 30. c4 Rf4 31. Qf2 g5 32. Qg3 h6 33. Rxf4 exf4 34. Qf3 Qf6 35. Qe2 Qd4 36. e5 Kc7 37. e6 Kd8 38. Qh5 Qf6 39. h4 Qxe6 40. hxg5 hxg5 41. Qxg5+ Kd7 42. Qxf4 Qe2 43. Qf7+ Kd8 44. Qf8+ Kd7 45. Qf5+ Kd8 46. b3 Qd1 47. g4 Qxb3 48. g5 Qc2+ 49. Kh3 Qd1 50. g6 Qh1+ 51. Kg4 Qg1+ 52. Kh5 Qh2+ 53. Kg5 Qg2+ 54. Kf6 Qg3 55. g7 Qh4+ 56. Qg5 Qd4+ 57. Kg6+ Kc7 58. g8=Q 1-0


[Site "https://www.chess.com"]

[Event "Titled Tuesday Blitz April 11 Late 2023"]
[White "Dahlgren, James Allen"]
[Black "Sliwicki, Damian"]
[WhiteFideId "22256873"]
[BlackFideId "1127128"]
[WhiteElo "1824"]
[BlackElo "2030"]
[Result "0-1"]
[Round "05"]
[TimeControl "180+2"]
[Date "2023.04.11"]
[WhiteClock "0:00:07"]
[BlackClock "0:00:28"]

1. e4 c5 2. Nc3 e6 3. Nf3 Nc6 4. d4 cxd4 5. Nxd4 Qc7 6. Be2 Nf6 7. Be3 Bb4 8. O-O Bxc3 9. Nb5 Qe5 10. bxc3 Nxe4 11. Bd4 Nxd4 12. cxd4 Qb8 13. Bd3 Nd6 14. a4 Nxb5 15. axb5 O-O 16. Qh5 f5 17. Rfd1 b6 18. d5 Bb7 19. d6 Qxd6 20. Bxf5 Rxf5 21. Rxd6 Rxh5 22. Rxd7 Be4 23. Raxa7 Rxa7 24. Rxa7 Rxb5 25. f3 Bxc2 26. Ra8+ Kf7 27. Ra7+ Kf6 28. Rb7 Bb3 29. Rxb6 Rxb6 0-1


[Site "https://www.chess.com"]

[Event "Titled Tuesday Blitz April 11 Late 2023"]
[White "Gallegos Diaz, Carlos Alberto"]
[Black "Moreira, Ronaldo Alonso"]
[WhiteFideId "3900886"]
[BlackFideId "2110547"]
[WhiteElo "2362"]
[BlackElo "2037"]
[Result "1-0"]
[Round "05"]
[TimeControl "180+2"]
[Date "2023.04.11"]
[WhiteClock "0:00:06"]
[BlackClock "0:00:01"]

1. e4 e6 2. d3 d5 3. Nd2 Nf6 4. Ngf3 Nc6 5. Be2 Bc5 6. O-O dxe4 7. dxe4 e5 8. c3 a5 9. h3 O-O 10. Re1 Qe7 11. Qc2 b6 12. Nc4 Ba6 13. Bg5 h6 14. Bh4 Rfd8 15. Bf1 Rd7 16. Ne3 Bxe3 17. Rxe3 Bxf1 18. Rxf1 Rad8 19. Qa4 Rd6 20. a3 g5 21. Bg3 Nh5 22. Nh2 Nf4 23. Ree1 Kg7 24. Ng4 Qd7 25. Ne3 Ne7 26. Qc2 Rd2 27. Qb1 Qd3 28. Qa2 Qd7 29. Ng4 f6 30. Ne3 Qe6 31. Qxe6 Nxe6 32. Rd1 Nf4 33. Rxd2 Rxd2 34. Bxf4 gxf4 35. Nc4 Rd7 36. Rb1 Kf7 37. Kf1 Ke6 38. a4 Nc8 39. f3 Nd6 40. Na3 Nf7 41. Ke2 Ng5 42. h4 Nh7 43. Rh1 Nf8 44. Nc4 Rg7 45. Nd2 Rxg2+ 46. Kd3 Rg7 47. h5 Nd7 48. Kc4 Nc5 49. b4 Nxa4 50. Rc1 1-0


[Site "https://www.chess.com"]

[Event "Titled Tuesday Blitz April 11 Late 2023"]
[White "Tarnowska, Aleksandra"]
[Black "Alimpic, Aleksa"]
[WhiteFideId "1180967"]
[BlackFideId "974323"]
[WhiteElo "1776"]
[BlackElo "2273"]
[Result "0-1"]
[Round "05"]
[TimeControl "180+2"]
[Date "2023.04.11"]
[WhiteClock "0:00:07"]
[BlackClock "0:00:06"]

1. e4 g6 2. d4 Bg7 3. Nc3 a6 4. Be3 b5 5. Qd2 Bb7 6. f3 d6 7. O-O-O Nd7 8. h4 h5 9. g4 Rc8 10. Nh3 hxg4 11. fxg4 Rxh4 12. Bg2 c5 13. Bf3 cxd4 14. Bxd4 Ne5 15. Ng5 Rxh1 16. Rxh1 Nf6 17. Nd5 Bxd5 18. exd5 Nxf3 19. Nxf3 Qd7 20. g5 Nh5 21. Bxg7 Qg4 22. Nh2 Qe4 23. Re1 Qh4 24. Bf6 Rc7 25. Qe2 Nxf6 26. gxf6 Qxf6 27. Kb1 Qg5 28. Nf3 Qf6 29. Nd2 Kd8 30. Ne4 Qe5 31. Nc3 Qxe2 32. Rxe2 Kd7 33. Ne4 Rc4 34. Ng5 f6 35. Ne6 g5 36. a3 Rh4 37. Rg2 a5 38. b3 b4 39. axb4 axb4 40. Kc1 Re4 41. Kd2 Re5 42. c4 bxc3+ 43. Kxc3 Rxd5 44. Nd4 Rc5+ 45. Kd3 e5 46. Nf5 Ke6 47. Ne3 Rb5 48. Kc3 d5 49. Rh2 d4+ 50. Kc4 Rb8 51. Ng4 Rc8+ 52. Kd3 Rc3+ 53. Kd2 Rxb3 54. Rh6 Rb2+ 55. Kd3 Rb3+ 56. Kd2 Rf3 57. Ke2 Rf4 58. Nf2 Kd5 59. Rh8 f5 60. Rd8+ Ke6 61. Re8+ Kd6 62. Rd8+ Ke7 63. Rc8 g4 64. Nd3 Re4+ 65. Kf2 Re3 66. Ne1 f4 67. Rc7+ Kd6 68. Rg7 g3+ 69. Kf1 d3 70. Rg8 Kd7 71. Rg7+ Ke8 72. Rg6 d2 73. Rd6 dxe1=Q+ 74. Kg2 Qf2+ 75. Kh3 Qh2+ 76. Kg4 g2 77. Kf5 g1=Q 78. Re6+ Kd7 79. Re7+ Kd8 80. Re6 Qh3+ 81. Kf6 Qxe6+ 82. Kxe6 f3 83. Kd5 Qg5 84. Kc6 e4 85. Kb6 Rb3+ 86. Ka6 Qb5+ 87. Ka7 Qb6+ 88. Ka8 Qa5# 0-1


[Site "https://www.chess.com"]

[Event "Titled Tuesday Blitz April 11 Late 2023"]
[White "Buchenau, Frank"]
[Black "Oliveira, Tiago Batista"]
[WhiteFideId "4604350"]
[BlackFideId "2108291"]
[WhiteElo "2157"]
[BlackElo "1962"]
[Result "1-0"]
[Round "05"]
[TimeControl "180+2"]
[Date "2023.04.11"]
[WhiteClock "0:02:01"]
[BlackClock "0:01:27"]

1. e4 c5 2. Nf3 Nc6 3. Bb5 d6 4. O-O Bd7 5. Re1 a6 6. Bxc6 Bxc6 7. d4 cxd4 8. Nxd4 Bd7 9. Bg5 Qa5 10. Bh4 g6 11. Nc3 Bg7 12. Nd5 e6 13. b4 Qa3 14. Nc7+ Kf8 15. Nxa8 Qc3 16. Nb6 Ba4 1-0


[Site "https://www.chess.com"]

[Event "Titled Tuesday Blitz April 11 Late 2023"]
[White "Ward, Ieuan C"]
[Black "Winkels, Marcel"]
[WhiteFideId "406627"]
[BlackFideId "1003887"]
[WhiteElo "2028"]
[BlackElo "1900"]
[Result "1-0"]
[Round "05"]
[TimeControl "180+2"]
[Date "2023.04.11"]
[WhiteClock "0:00:47"]
[BlackClock "0:00:02"]

1. e4 e5 2. Nf3 Nf6 3. Nxe5 d6 4. Nf3 Nxe4 5. d4 d5 6. Bd3 Bd6 7. O-O O-O 8. Re1 Re8 9. c4 c6 10. Nc3 Nxc3 11. bxc3 Rxe1+ 12. Qxe1 Be6 13. c5 Bc7 14. Ng5 Qd7 15. Bxh7+ Kf8 16. Nxe6+ fxe6 17. Bg5 Na6 18. Qe3 Qf7 19. Re1 Re8 20. Bd3 e5 21. Bxa6 bxa6 22. g3 exd4 23. Qxe8+ Qxe8 24. Rxe8+ Kxe8 25. cxd4 Ba5 26. Bf4 Bc3 27. Be5 Kf7 28. g4 g6 29. h4 a5 30. a4 a6 31. Kg2 Kg8 32. f4 Kh7 33. Kh3 Bd2 34. g5 Be3 35. Kg4 Bd2 36. h5 Bc3 37. hxg6+ Kxg6 38. f5+ Kf7 39. g6+ Kg8 40. f6 Bb2 41. Kf5 Kf8 42. Ke6 Bc3 43. f7 Bxd4 44. g7# 1-0


[Site "https://www.chess.com"]

[Event "Titled Tuesday Blitz April 11 Late 2023"]
[White "Hartikainen, Jarmo"]
[Black "Marcziter, Dmitrii"]
[WhiteFideId "503134"]
[BlackFideId "13900765"]
[WhiteElo "2108"]
[BlackElo "2162"]
[Result "0-1"]
[Round "05"]
[TimeControl "180+2"]
[Date "2023.04.11"]
[WhiteClock "0:00:11"]
[BlackClock "0:00:55"]

1. e4 c5 2. c3 d5 3. exd5 Qxd5 4. d4 Nf6 5. Nf3 Bg4 6. Be2 e6 7. Na3 cxd4 8. Nb5 Na6 9. Nbxd4 Nc7 10. Qa4+ Qd7 11. Nb5 O-O-O 12. Bf4 Nfd5 13. Rd1 Bxf3 14. gxf3 a6 15. Nxc7 Qxa4 16. O-O Qxf4 17. Nxa6 Bd6 0-1


[Site "https://www.chess.com"]

[Event "Titled Tuesday Blitz April 11 Late 2023"]
[White "Bach, Matthias"]
[Black "Steenbekkers, Franck"]
[WhiteFideId "4603168"]
[BlackFideId "1004220"]
[WhiteElo "2130"]
[BlackElo "2164"]
[Result "1-0"]
[Round "05"]
[TimeControl "180+2"]
[Date "2023.04.11"]
[WhiteClock "0:01:42"]
[BlackClock "0:00:25"]

1. d4 Nf6 2. c4 g6 3. Nc3 Bg7 4. e4 d6 5. f4 O-O 6. Nf3 c5 7. d5 b5 8. cxb5 a6 9. a4 Qa5 10. Bd2 e6 11. dxe6 Bxe6 12. Be2 axb5 13. Nxb5 Qb6 14. Bc3 Nxe4 15. Bxg7 Kxg7 16. O-O c4+ 17. Kh1 Nf2+ 18. Rxf2 Qxf2 19. Nxd6 Nc6 20. Bxc4 Rad8 21. Bxe6 fxe6 22. Rc1 Ne7 23. Ng5 Rf6 24. Nf5+ Nxf5 25. Qxd8 Qxf4 26. Qc7+ Kh6 27. Qxf4 1-0


[Site "https://www.chess.com"]

[Event "Titled Tuesday Blitz April 11 Late 2023"]
[White "Novikova, Galina"]
[Black "Vargas, Mauricio"]
[WhiteFideId "4157095"]
[BlackFideId "4404572"]
[WhiteElo "1953"]
[BlackElo "1998"]
[Result "1-0"]
[Round "05"]
[TimeControl "180+2"]
[Date "2023.04.11"]
[WhiteClock "0:02:35"]
[BlackClock "0:00:11"]

1. e4 d6 2. d4 c5 3. Nf3 cxd4 4. Nxd4 Nf6 5. Nc3 g6 6. Be3 Bg7 7. f3 O-O 8. Qd2 Nc6 9. g4 a6 10. h4 h5 11. gxh5 Nxh5 12. O-O-O Bd7 13. Kb1 b5 14. Nd5 Ne5 15. Nf4 Ng3 16. Rg1 Nxf1 17. Rdxf1 Nc4 18. Qe2 Nxe3 19. Qxe3 Qb6 20. Nfe2 e5 21. h5 Qxd4 22. Nxd4 exd4 23. Qg5 1-0


[Site "https://www.chess.com"]

[Event "Titled Tuesday Blitz April 11 Late 2023"]
[White "Cigan, Jason"]
[Black "Sanchez Alvares, Kelvin Antonio"]
[WhiteFideId "2064022"]
[BlackFideId "3906680"]
[WhiteElo "2000"]
[BlackElo "2217"]
[Result "1-0"]
[Round "05"]
[TimeControl "180+2"]
[Date "2023.04.11"]
[WhiteClock "0:00:14"]
[BlackClock "0:00:10"]

1. e4 e5 2. Nf3 Nc6 3. Bb5 a6 4. Ba4 b5 5. Bb3 Nf6 6. O-O Be7 7. d3 O-O 8. Nc3 d6 9. a3 Be6 10. Nd5 Bxd5 11. exd5 Na5 12. Ba2 c5 13. b4 cxb4 14. axb4 Nb7 15. Re1 Re8 16. d4 e4 17. Nd2 Bf8 18. Nf1 h6 19. Ne3 Qd7 20. Bd2 g6 21. c4 bxc4 22. Bxc4 a5 23. bxa5 Reb8 24. a6 Nd8 25. Qc2 Rc8 26. Reb1 Rc7 27. Qb3 Rca7 28. Ba5 h5 29. Bb6 Rb8 30. Qd1 Raa8 31. a7 Rxb6 32. Rxb6 Rxa7 33. Rab1 Bh6 34. h3 Rb7 35. Rxb7 Nxb7 36. Qd2 Kh7 37. Qb4 Nd8 38. Qb6 g5 39. Bb5 Qe7 40. Nf5 Qf8 41. Nxh6 Kxh6 42. Bc6 g4 43. h4 g3 44. fxg3 Ng4 45. Qb2 Qe7 46. Rf1 f6 47. Qe2 e3 48. Ba4 Nb7 49. Bd1 Na5 50. Qd3 Nb7 51. Bxg4 hxg4 52. Re1 Qc7 53. Qxe3+ Kg6 54. Qf4 Qc3 55. Qxg4+ Kh7 56. Re7+ Kh8 57. Qg7# 1-0


[Site "https://www.chess.com"]

[Event "Titled Tuesday Blitz April 11 Late 2023"]
[White "Gurevich, Dmitry"]
[Black "Rian, Kapriaga"]
[WhiteFideId "2000407"]
[BlackFideId "7103263"]
[WhiteElo "2506"]
[BlackElo "2089"]
[Result "1-0"]
[Round "05"]
[TimeControl "180+2"]
[Date "2023.04.11"]
[WhiteClock "0:00:35"]
[BlackClock "0:00:10"]

1. d4 Nf6 2. c4 e6 3. Nc3 Bb4 4. e3 O-O 5. Bd3 d5 6. cxd5 exd5 7. Ne2 c6 8. O-O Bg4 9. f3 Bh5 10. Bd2 Bg6 11. Be1 Re8 12. Bf2 Nbd7 13. Ng3 c5 14. a3 cxd4 15. axb4 dxc3 16. bxc3 a6 17. c4 Bxd3 18. Qxd3 Ne5 19. Qc3 dxc4 20. f4 Neg4 21. Rad1 Qc7 22. Rd4 b5 23. h3 Nxf2 24. Rxf2 a5 25. e4 axb4 26. Qxb4 Qa7 27. Qd2 Rec8 28. e5 Ne8 29. Ne4 b4 30. Rd7 Qa1+ 31. Rf1 c3 32. Qd5 Qa5 33. Qxf7+ Kh8 34. Qf8# 1-0


[Site "https://www.chess.com"]

[Event "Titled Tuesday Blitz April 11 Late 2023"]
[White "Zaksaite, Salomeja"]
[Black "Torrente, Alejandro Josue"]
[WhiteFideId "12801496"]
[BlackFideId "4437969"]
[WhiteElo "2059"]
[BlackElo "2025"]
[Result "0-1"]
[Round "05"]
[TimeControl "180+2"]
[Date "2023.04.11"]
[WhiteClock "0:00:01"]
[BlackClock "0:00:39"]

1. e4 e5 2. Nf3 Nc6 3. Bc4 Bc5 4. d3 Nf6 5. O-O d6 6. a4 h6 7. h3 Rg8 8. c3 Bb6 9. b4 a6 10. Be3 g5 11. Bxb6 cxb6 12. Qb3 Qe7 13. Nbd2 g4 14. Nh4 gxh3 15. g3 Ng4 16. Ndf3 Be6 17. b5 Na5 18. Bxe6 Nxb3 19. Bxb3 Qf6 20. Bd5 Rb8 21. Kh1 a5 22. d4 Ke7 23. Rae1 Rgc8 24. Nf5+ Kf8 25. Nh2 Nxh2 26. Kxh2 Rxc3 27. dxe5 dxe5 28. f4 Rc2+ 29. Kxh3 exf4 30. Rxf4 Qg5 31. Nd4 Rc7 32. Ref1 Qh5+ 33. Kg2 Rd8 34. Ne6+ Ke7 35. Nxc7 Kd6 36. Rxf7 Qe2+ 37. R1f2 Qg4 38. R7f6+ Kc5 39. Ne6+ Kb4 40. Nxd8 Kxa4 41. Ne6 Kxb5 42. R6f4 Qg6 43. e5 a4 44. Be4 Qh5 45. Ng7 Qxe5 46. Nf5 Ka6 47. Ne3 Qc3 48. Nd5 Qc5 49. R4f3 b5 50. Rf5 Qd4 51. Rf6+ Ka5 52. R6f5 Qxe4+ 53. Kh3 a3 54. Nc3 Qe6 55. g4 Qe3+ 56. R2f3 Qg1 57. Rxb5+ Ka6 58. Rf6+ Ka7 59. Ra5+ Kb8 60. Rf8+ Kc7 61. Nd5+ Kd6 62. Rf6+ Ke5 63. Rf5+ Kd4 64. Nf4 Qh1+ 65. Kg3 Qe1+ 66. Kf3 Qe4+ 67. Kg3 Qe1+ 68. Kf3 Qf1+ 69. Kg3 Kc4 70. Rac5+ Kb3 71. Rb5+ Ka2 72. Ne6 Qe1+ 0-1


[Site "https://www.chess.com"]

[Event "Titled Tuesday Blitz April 11 Late 2023"]
[White "Figorito, Nick"]
[Black "Jordao Barbosa, Marcio"]
[WhiteFideId "30923689"]
[BlackFideId "2116219"]
[WhiteElo "2036"]
[BlackElo "2168"]
[Result "1/2-1/2"]
[Round "05"]
[TimeControl "180+2"]
[Date "2023.04.11"]
[WhiteClock "0:00:49"]
[BlackClock "0:01:23"]

1. Nf3 d5 2. g3 Nf6 3. Bg2 e6 4. O-O Be7 5. c4 O-O 6. Qc2 Nbd7 7. b3 c5 8. Bb2 b6 9. cxd5 exd5 10. d4 Bb7 11. dxc5 bxc5 12. Nbd2 Rc8 13. Rac1 Re8 14. e3 Qb6 15. Qb1 h6 16. Rfd1 Qe6 17. Qa1 Bf8 18. Re1 a5 19. Bc3 Ra8 20. Qb2 Reb8 21. Qc2 Bc6 22. Rb1 a4 23. h3 axb3 24. axb3 Rb7 25. Ra1 Rab8 26. Ra6 Rb6 27. Rea1 Ne4 28. Bb2 Bb5 29. Rxb6 Qxb6 30. Nxe4 dxe4 31. Qxe4 Bc6 32. Qg4 Qxb3 33. Be5 Nxe5 34. Nxe5 Bxg2 35. Kxg2 Qb2 36. Qf4 Qxa1 37. Qxf7+ Kh7 38. Qg6+ Kg8 39. Qf7+ Kh7 40. Qg6+ Kg8 41. Qf7+ 1/2-1/2


[Site "https://www.chess.com"]

[Event "Titled Tuesday Blitz April 11 Late 2023"]
[White "Sailer, Mike"]
[Black "Carrasco Miranda, Andres"]
[WhiteFideId "2012901"]
[BlackFideId "3405990"]
[WhiteElo "2109"]
[BlackElo "2183"]
[Result "0-1"]
[Round "05"]
[TimeControl "180+2"]
[Date "2023.04.11"]
[WhiteClock "0:00:03"]
[BlackClock "0:00:02"]

1. d4 Nf6 2. Bg5 d5 3. Bxf6 gxf6 4. e3 c5 5. Nf3 Qb6 6. Qc1 Bg4 7. Be2 Nc6 8. c3 Rc8 9. Nbd2 e5 10. dxc5 Bxc5 11. Nb3 Bf8 12. O-O Bh6 13. Qd1 Rd8 14. h3 Bh5 15. Nh2 Bg6 16. Ng4 Bg7 17. Bf3 f5 18. Nh2 e4 19. Be2 f4 20. exf4 Qc7 21. g3 h5 22. h4 Bf5 23. Re1 Bf6 24. Nf1 Bxh4 25. gxh4 Qxf4 26. Qd2 Qxh4 27. Qe3 Rg8+ 28. Ng3 Ne5 29. Nd4 Bg4 30. Bb5+ Ke7 31. Kf1 Qh3+ 32. Kg1 Bf3 33. Nf5+ Qxf5 34. Qc5+ Kf6 0-1


[Site "https://www.chess.com"]

[Event "Titled Tuesday Blitz April 11 Late 2023"]
[White "Ipek, Egehan"]
[Black "Gabriel, Robert"]
[WhiteFideId "44523793"]
[BlackFideId "4606477"]
[WhiteElo "1948"]
[BlackElo "2203"]
[Result "1-0"]
[Round "05"]
[TimeControl "180+2"]
[Date "2023.04.11"]
[WhiteClock "0:01:41"]
[BlackClock "0:00:01"]

1. e4 c5 2. Nf3 e6 3. d4 cxd4 4. Nxd4 Nf6 5. Nc3 Nc6 6. Ndb5 Bb4 7. Bf4 e5 8. Bg5 O-O 9. a3 Be7 10. Bxf6 Bxf6 11. Nd5 a6 12. Nd6 b5 13. h4 Nd4 14. c3 Ne6 15. h5 h6 16. Nf5 Bb7 17. Be2 Bxd5 18. exd5 Nf4 19. Bf3 d6 20. g3 Qd7 21. Be4 Rae8 22. Kf1 Bg5 23. Qg4 Kh8 24. gxf4 exf4 25. Bd3 Re5 26. Nxh6 gxh6 27. Qxd7 1-0


[Site "https://www.chess.com"]

[Event "Titled Tuesday Blitz April 11 Late 2023"]
[White "Joubert, Dantelle"]
[Black "Bueno, Alfeu Junior Varela"]
[WhiteFideId "14310813"]
[BlackFideId "2108879"]
[WhiteElo "1507"]
[BlackElo "2175"]
[Result "0-1"]
[Round "05"]
[TimeControl "180+2"]
[Date "2023.04.11"]
[WhiteClock "0:00:01"]
[BlackClock "0:00:10"]

1. d4 e6 2. c4 f5 3. Nc3 b6 4. Nf3 Bb4 5. g3 Bxc3+ 6. bxc3 Bb7 7. Bg2 Nf6 8. O-O Be4 9. Ba3 d6 10. c5 bxc5 11. dxc5 d5 12. c6 Nxc6 13. Qa4 Qd7 14. c4 d4 15. Rfd1 Rd8 16. Rd2 h6 17. Rad1 Kf7 18. Qxc6 Bxc6 19. Ne5+ Ke8 20. Nxd7 Bxd7 21. Rxd4 Rb8 22. f3 Ba4 23. R1d2 Rb1+ 24. Kf2 Kf7 25. e4 fxe4 26. fxe4 Ng4+ 27. Kf3 Ne5+ 28. Kf2 Rhb8 29. Bh3 Bc6 30. Kg2 Ra1 31. Rf2+ Kg6 32. Bxe6 Rbb1 33. Bd5 Bd7 34. Bf7+ Kh7 35. Rxd7 Nxd7 36. Be6 Ne5 37. Bf5+ g6 38. Be6 Rg1+ 39. Kh3 h5 40. Bb2 Rxa2 41. Rd2 Rb1 42. Bc3 Rxd2 43. Bxd2 Rb2 44. Bf4 Nf3 0-1


[Site "https://www.chess.com"]

[Event "Titled Tuesday Blitz April 11 Late 2023"]
[White "Gonzalez Zamora, Juan Carlos"]
[Black "Souza Santos, Carlos Roberto"]
[WhiteFideId "3507548"]
[BlackFideId "2150603"]
[WhiteElo "2535"]
[BlackElo "2064"]
[Result "1-0"]
[Round "05"]
[TimeControl "180+2"]
[Date "2023.04.11"]
[WhiteClock "0:00:54"]
[BlackClock "0:00:13"]

1. e4 d6 2. d4 Nf6 3. Nc3 g6 4. Be2 Bg7 5. g4 O-O 6. g5 Ne8 7. h4 c5 8. Be3 cxd4 9. Bxd4 e5 10. Be3 Be6 11. h5 Nc6 12. Qd2 Nd4 13. O-O-O Rc8 14. f4 b5 15. Bxd4 exd4 16. Nxb5 Bxa2 17. Nxd4 Bc4 18. hxg6 fxg6 19. Ngf3 Qb6 20. Bxc4+ Rxc4 21. Qd3 Rc5 22. Qb3+ Kh8 23. Rxh7+ Kxh7 24. Rh1+ Bh6 25. Rxh6+ Kg7 26. Ne6+ Kf7 27. Nxc5+ 1-0


[Site "https://www.chess.com"]

[Event "Titled Tuesday Blitz April 11 Late 2023"]
[White "Alekseenko, Kirill"]
[Black "Vachier-Lagrave, Maxime"]
[WhiteFideId "4135539"]
[BlackFideId "623539"]
[WhiteElo "2683"]
[BlackElo "2740"]
[Result "0-1"]
[Round "06"]
[TimeControl "180+2"]
[Date "2023.04.11"]
[WhiteClock "0:00:02"]
[BlackClock "0:01:04"]

1. d4 Nf6 2. Nc3 d5 3. Bf4 c5 4. e3 cxd4 5. exd4 a6 6. Nce2 Bg4 7. f3 Bf5 8. Nc1 Nc6 9. c3 e6 10. Bd3 Bg6 11. Nge2 Bd6 12. O-O O-O 13. Bxg6 hxg6 14. Nd3 Re8 15. Re1 Bf8 16. Qd2 Rc8 17. Bg5 Qb6 18. Kh1 Nd7 19. Ng3 f6 20. Be3 Kf7 21. Bf2 Bd6 22. h3 Qc7 23. Nf1 Na5 24. Rad1 Nc4 25. Qe2 Re7 26. Ne3 Rh8 27. Kg1 b5 28. Rc1 Ree8 29. b4 Nxe3 30. Bxe3 Nb6 31. Nc5 Qc8 32. Bf2 Nc4 33. Qd3 Re7 34. Re2 g5 35. Rce1 Bxc5 36. bxc5 Na5 37. Qc2 Qc6 38. Qd3 Nc4 39. Kh1 Qe8 40. Bg3 Qg8 41. Bd6 Re8 42. a4 bxa4 43. Qb1 Qh7 44. Qb7+ Kg6 45. Rxe6 Rxe6 46. Rxe6 a3 47. Qxd5 a2 48. Re1 Re8 49. Ra1 Qh4 50. Kh2 Re2 51. Bg3 Ne3 52. Bxh4 Nxd5 53. Bg3 Ne3 54. c6 Rxg2+ 55. Kh1 Rxg3 56. Rxa2 Rxh3+ 57. Kg1 Rh8 58. Kf2 Nd1+ 59. Kg3 Nxc3 60. Rxa6 Rc8 61. Kf2 Nd5 62. Ke2 Nb4 0-1


[Site "https://www.chess.com"]

[Event "Titled Tuesday Blitz April 11 Late 2023"]
[White "Paravyan, David"]
[Black "Deac, Bogdan-Daniel"]
[WhiteFideId "4194985"]
[BlackFideId "1226380"]
[WhiteElo "2563"]
[BlackElo "2649"]
[Result "1-0"]
[Round "06"]
[TimeControl "180+2"]
[Date "2023.04.11"]
[WhiteClock "0:00:08"]
[BlackClock "0:00:01"]

1. e4 e5 2. Nf3 Nc6 3. Bb5 Nf6 4. O-O Nxe4 5. Re1 Nd6 6. Nxe5 Be7 7. Bf1 Nf5 8. Nf3 d5 9. d4 O-O 10. h3 Re8 11. Nc3 Be6 12. Ne2 Bd6 13. Bf4 f6 14. Qd2 Bf7 15. c3 Qd7 16. Bxd6 Nxd6 17. Ng3 Rxe1 18. Rxe1 Re8 19. Qf4 Ne7 20. Re2 Nef5 21. Rxe8+ Bxe8 22. Nxf5 Qxf5 23. Qe3 Qe4 24. Nd2 Qxe3 25. fxe3 Bg6 26. a3 Kf7 27. c4 dxc4 28. Nxc4 Ke6 29. h4 Kd5 30. Nxd6 cxd6 31. Kf2 Be4 32. g3 Ke6 33. Bc4+ d5 34. Bf1 g5 35. Bh3+ Kf7 36. b4 h5 37. Bc8 b6 38. Ba6 Kg6 39. Be2 Kh6 40. Ke1 Kg6 41. Kd2 g4 42. Kc3 Kf7 43. Bb5 Ke7 44. Bc6 Ke6 45. Be8 Bf5 46. Bxh5 Ke7 47. Kd2 Kf8 48. e4 dxe4 49. Ke3 Ke7 50. Kf4 1-0


[Site "https://www.chess.com"]